 Dungeon Crawl Stone Soup version 0.22-a0-480-g991dd4b (webtiles) character file.

447 b5mith the Skirmisher (level 6, -2/90 HPs)
             Began as a Minotaur Berserker on June 15, 2018.
             Was a Priest of Trog.
             Slain by an orc priest
             ... wielding a +0 trident
              (5 damage)
             ... on level 4 of the Dungeon.
             The game lasted 00:05:40 (2504 turns).

b5mith the Skirmisher (Minotaur Berserker)          Turns: 2504, Time: 00:05:40

Health: -2/90      AC:  5    Str: 29    XL:     6   Next: 73%
Magic:  5/5        EV: 11    Int:  4    God:    Trog [***...]
Gold:   152        SH:  0    Dex:  9    Spells: 5/5 levels left

rFire    . . .     SeeInvis .   a - +0 falchion
rCold    . . .     Gourm    +   (no shield)
rNeg     . . .     Faith    .   j - +0 ring mail
rPois    +         Spirit   .   (helmet restricted)
rElec    .         Reflect  .   (no cloak)
rCorr    .         Harm     .   (no gloves)
MR       .....                  (no boots)
Stlth    ..........             i - amulet of the gourmand
HPRegen  0.25/turn              g - ring of poison resistance
MPRegen  0.09/turn              (no ring)

@: berserking, lethally poisoned (-2 -> -3), very quick
A: retaliatory headbutt, horns 2
a: Berserk, Trog's Hand, Renounce Religion


You were on level 4 of the Dungeon.
You worshipped Trog.
Trog was most pleased with you.
You were very full.

You visited 1 branch of the dungeon, and saw 4 of its levels.

You collected 152 gold pieces.

Inventory:

Hand Weapons
 a - a +0 falchion (weapon)
 b - a +0 hunting sling
   (You took it off a goblin on level 2 of the Dungeon)
Missiles
 f - 130 stones (quivered)
Armour
 j - a +0 ring mail (worn)
   (You took it off an orc on level 2 of the Dungeon)
 o - a +0 animal skin
Jewellery
 g - a ring of poison resistance (left hand)
   (You found it on level 2 of the Dungeon)
 i - an amulet of the gourmand (around neck)
   (You found it on level 2 of the Dungeon)
 l - a cursed -3 ring of protection {unknown}
   (You found it on level 2 of the Dungeon)
Scrolls
 d - 2 scrolls of teleportation {unknown}
 k - a scroll of immolation {unknown}
 n - a scroll of noise {unknown}
 q - 2 scrolls of amnesia {unknown}
 s - a scroll of enchant weapon {unknown}
 t - a scroll of fear {unknown}
 u - a scroll of fog {unknown}
Potions
 e - 2 potions of agility {unknown}
 h - a potion of brilliance {unknown}
 m - a potion of flight {unknown}
 p - a potion of might {unknown}
 r - 2 potions of mutation {unknown}
 w - a potion of ambrosia {unknown}
Comestibles
 c - 4 rations


   Skills:
 + Level 7.0 Fighting
 + Level 7.0 Long Blades
 - Level 2.4 Armour
 - Level 2.1 Dodging


You had 5 spell levels left.
You didn't know any spells.
Your spell library was empty.

Dungeon Overview and Level Annotations

Branches:
Dungeon (4/15)
 Temple: D:4-7

Altars:
Ashenzari
Nemelex Xobeh
Ru

Shops:
D:4 (


Innate Abilities, Weirdness & Mutations

You reflexively headbutt those who attack you in melee.
You have a pair of horns on your head.


Message History

A red film seems to cover your vision as you go berserk!
You feel yourself moving faster!
You feel mighty!
You feel sick. The worker ant barely misses you.
You riposte.
You barely miss the worker ant. Your headbutt misses the worker ant.
The worker ant is almost dead.
The orc priest looks satisfied for a moment.
The orc priest miscasts a cantrip.
You hit the worker ant.
You kill the worker ant!
Trog accepts your kill. The orc priest barely misses you.
The orc priest hits you but does no damage.
You see here a worker ant corpse.
You slash the orc priest!
The orc priest is heavily wounded.
You feel sick.
The orc wizard looks braver for a moment.
The orc priest hits you.
* * * LOW HITPOINT WARNING * * *
You barely miss the orc priest.
The orc priest is heavily wounded.
The orc priest hits you but does no damage.
You barely miss the orc priest. Your headbutt misses the orc priest.
The orc priest is heavily wounded.
The orc wizard mumbles some strange words.
The orc wizard flickers and vanishes!
Deactivating autopickup; reactivate with Ctrl-A.
The orc priest mumbles some strange prayers to Beogh against you.
Pain shoots through your body!
* * * LOW HITPOINT WARNING * * *
You hit the orc priest but do no damage.
You feel the power of Trog in you as your rage grows.
You kill the orc priest!
Trog accepts your kill.
Your Fighting skill increases to level 7!
Your Long Blades skill increases to level 7!
You feel sick.
The orc priest mumbles some strange prayers to Beogh against you.
Pain shoots through your body!
* * * LOW HITPOINT WARNING * * *
You hear some strange, mumbled words.
The orc priest barely misses you.
Things that are here:
a scale mail; an orc corpse You slash the orc priest!
The orc priest is heavily wounded.
You barely miss the orc priest. Your headbutt misses the orc priest.
The orc priest is heavily wounded.
You feel sick. The orc priest hits you with a trident.
You die...

### ##.## ##.#.##
#####.###.########
#o{o@## ##....<..#
#.###†###.######.####
#.....###.#.#..........#
#.##..# ##<##.#####.##.#
# #..# ####.# ##.##.#
.(.. #.# #...... #(...
#.# #..##.# #(.## #.#
#..##.# ...# #.# #......


You could see an orc priest and an orc.

Vanquished Creatures
  The ghost of dforspid the Sneak, an amateur OpAs (D:3)
  A bullfrog (D:4)
  A crimson imp (D:2)
  2 orc priests
  An orc wizard (D:3)
  Natasha (twice) (D:3)
  A worker ant (D:4)
  3 adders
  A shadow imp (D:2)
  2 worms
  8 dart slugs
  3 leopard geckos
  6 orcs
  2 giant cockroaches
  4 goblins
  4 hobgoblins
  2 jackals (D:4)
  6 bats
  3 frilled lizards
  3 kobolds
  5 rats
  A plant (D:1)
62 creatures vanquished.

Notes
Turn   | Place    | Note
-------+----------+-------------------------------------------
     0 | D:1      | b5mith the Minotaur Berserker began the quest for the Orb.
     0 | D:1      | Reached XP level 1. HP: 19/19 MP: 0/0
   212 | D:1      | Reached XP level 2. HP: 24/27 MP: 1/1
   639 | D:2      | Found a shattered altar of Ashenzari.
   799 | D:2      | Reached XP level 3. HP: 34/34 MP: 2/2
   989 | D:2      | Reached skill level 5 in Fighting
   989 | D:2      | Reached skill level 5 in Long Blades
   989 | D:2      | Reached XP level 4. HP: 29/42 MP: 3/3
   991 | D:2      | Reached ** piety under Trog
  1598 | D:3      | Reached XP level 5. HP: 49/49 MP: 4/4
  1818 | D:3      | Noticed dforspid's ghost (amateur OpAs)
  1825 | D:3      | Killed dforspid's ghost
  1967 | D:3      | Reached XP level 6. HP: 57/57 MP: 5/5
  1979 | D:3      | Found a sacrificial altar of Ru.
  2031 | D:3      | Noticed Natasha
  2039 | D:3      | Killed Natasha
  2125 | D:3      | Noticed Natasha
  2129 | D:3      | Killed Natasha
  2309 | D:4      | Found Hutreagu's Antique Weapon Emporium.
  2337 | D:4      | Reached *** piety under Trog
  2404 | D:4      | Found a sparkling altar of Nemelex Xobeh.
  2501 | D:4      | HP: 4/90 [orc priest/nerve-wracking pain (4)]
  2504 | D:4      | Slain by an orc priest

Vault maps used:
D:1:      roderic_crop_circles_arrival_small
D:2:      nicolae_overflow_crystal_walls, minmay_stone_trees_small
D:3:      kennysheep_slugbush, lemuel_doored_altar, uniq_natasha
D:4:      lemuel_crystal_altar, serial_shops, nicolae_shop_crystal,
          minmay_hedge_maze

Skill      XL: |  1  2  3  4  5  6 |
---------------+-------------------+-----
Fighting       | 4 5 6 7 |  7.0
Long Blades    | 4 5 6 7 |  7.0
Armour         | |  2.4
Dodging        | |  2.1

Action                   |  1- 3 |  4- 6 || total
-------------------------+-------+-------++-------
Melee: Falchion          |    82 |    75 ||   157
       Headbutt          |    20 |    13 ||    33
 Fire: Hunting sling     |       |    69 ||    69
Invok: Berserk           |       |     1 ||     1
 Stab: Sleeping          |     1 |       ||     1
  Eat: Chunk             |       |    17 ||    17
Armor: Animal skin       |     6 |     7 ||    13
       Ring mail         |       |    23 ||    23
Dodge: Dodged            |    41 |    49 ||    90
       Rpst.: Falchion   |    11 |    10 ||    21

Table legend:
 A = Spawn XP
 B = Non-spawn XP
 C = Spawn XP percentage of total XP
 D = Spawn monster count
 E = Non-spawn monster count
 F = Spawn count percentage of total count
 G = Total turns spent on level
                    A         B        C        D         E        F      G
               +---------+---------+-------+---------+---------+-------+---------
         Total |       0 |     639 |   0.0 |       0 |      61 |   0.0 |  2504
               +---------+---------+-------+---------+---------+-------+---------
           D:1 |       0 |      20 |   0.0 |       0 |      10 |   0.0 |   603
           D:2 |       0 |     130 |   0.0 |       0 |      25 |   0.0 |   882
           D:3 |       0 |     309 |   0.0 |       0 |      19 |   0.0 |   821
           D:4 |       0 |     180 |   0.0 |       0 |       7 |   0.0 |   198
               +---------+---------+-------+---------+---------+-------+---------
